 Dungeon Crawl Stone Soup version 0.31-a0-233-g139696dc86 (webtiles) character file.

Game seed: 16159470292866261991

404 qw the Shooter (level 6, -3/38 HPs)
             Began as a Gargoyle Hexslinger on July 7, 2023.
             Slain by an iguana (11 damage)
             ... on level 5 of the Dungeon.
             The game lasted 00:01:42 (3797 turns).

qw the Shooter (Gargoyle Hexslinger)                Turns: 3797, Time: 00:01:42

Health: -3/38      AC: 11    Str: 11    XL:     6   Next: 86%
Magic:  7/7        EV: 10    Int: 14    God:
Gold:   238        SH:  0    Dex: 14    Spells: 6/7 levels left

rFire   . . .        Y - +1 sling
rCold   . . .        (no shield)
rNeg    + . .        d - +0 ring mail
rPois   inf          k - +0 helmet
rElec   +            i - +0 cloak
rCorr   .            (no gloves)
SInv    .            (no boots)
Will    .....        (no amulet)
Stlth   +            (no ring)
HPRegen 0.26/turn    (no ring)
MPRegen 0.10/turn

%: no passive effects
@: no status effects
A: sickness immunity, AC +4, negative energy resistance 1, electricity
resistance, torment resistance 1, petrification resistance
a: no special abilities


You were on level 5 of the Dungeon.
You visited 1 branch of the dungeon, and saw 5 of its levels.

You collected 238 gold pieces.


Innate Abilities, Weirdness & Mutations

You are immune to sickness and miasma.
Your stone body is resilient. (AC +4)
You are immune to poison.
You resist negative energy. (rN+)
You are resistant to electric shocks. (rElec)
You are resistant to unholy torment.
You are immune to petrification.


   Skills:
 + Level 3.8 Fighting
 - Level 6.0 Ranged Weapons
 - Level 1.0 Armour
 - Level 1.5 Dodging
 - Level 1.0 Spellcasting
 - Level 2.6 Hexes


You had 6 spell levels left.
You knew the following spells:

 Your Spells              Type           Power      Damage    Failure   Level
a - Slow                  Hex            32%        N/A       21%         1

Your spell library contained the following spells:

 Spells                   Type           Power      Damage    Failure   Level
 Inner Flame              Hex/Fire       4%         N/A       71%         3
 Portal Projectile        Hex/Tloc       8%         N/A       71%         3
 Cause Fear               Hex            4%         N/A       90%         4

Inventory:

Hand Weapons
 Y - a +1 sling (weapon)
Armour
 d - a +0 ring mail (worn)
 i - a +0 cloak (worn)
 k - a +0 helmet (worn)
Jewellery
 e - a ring of fire
Scrolls
 j - a scroll of identify
Potions
 b - a potion of cancellation
 c - a potion of haste
 f - a potion of enlightenment
 h - a potion of curing
 l - a potion of berserk rage {unknown}

Dungeon Overview and Level Annotations

Branches:
Dungeon (5/15)
 Temple: D:4-7

Altars:
Ashenzari

Annotations:
D:3 1 runed translucent door, Crazy Yiuf


Message History

The iguana is almost dead.
The iguana misses you.
You shoot a sling bullet. The sling bullet hits the iguana.
You kill the iguana!
You shoot a sling bullet.
The sling bullet closely misses the iguana.
The iguana hisses angrily.
You shoot a sling bullet.
The sling bullet hits the iguana but does no damage.
The iguana is heavily wounded.
You shoot a sling bullet.
The sling bullet barely misses the iguana.
You shoot a sling bullet.
The sling bullet barely misses the iguana.
You shoot a sling bullet.
The sling bullet hits the iguana but does no damage.
The iguana is heavily wounded.
You shoot a sling bullet.
The sling bullet hits the iguana but does no damage.
The iguana is heavily wounded.
The iguana bites you!
You shoot a sling bullet.
The sling bullet completely misses the iguana.
The iguana bites you.
You shoot a sling bullet.
The sling bullet hits the iguana but does no damage.
The iguana is heavily wounded.
The iguana bites you but does no damage.
The iguana closely misses you.
You shoot a sling bullet.
The sling bullet barely misses the iguana.
The iguana bites you.
You shoot a sling bullet.
The sling bullet hits the iguana but does no damage.
The iguana is heavily wounded.
The iguana bites you but does no damage.
You shoot a sling bullet. The sling bullet hits the iguana.
The iguana is heavily wounded.
The iguana bites you!
You die...

..... .. . .. #.. ...
#...##.#. #..
.#.#..:.. #..####
......#.# ##.....
........# #......
.......# ###.#...###
#..# .......l..#
.....lh........%@..#
....................#
...................##
$.................##
..................#
..................#
......#...........#
.........#


You could see an iguana.

Vanquished Creatures
  A black bear (D:5)
  A jelly (D:5)
  A hound (D:4)
  Terence (D:3)
  2 iguanas (D:5)
  Robin (D:3)
  A gnoll (D:1)
  5 adders
  A worm (D:2)
  2 dart slugs
  9 bats
  14 endoplasms
  2 giant cockroaches
  10 hobgoblins
  7 jackals
  9 kobolds
  3 quokkas
  8 ball pythons
  5 frilled lizards (D:1)
  17 goblins
  4 rats
104 creatures vanquished.

Notes
Turn   | Place    | Note
-------+----------+-------------------------------------------
     0 | D:1      | qw the Gargoyle Hexslinger began the quest for the Orb.
     0 | D:1      | Reached XP level 1. HP: 12/12 MP: 2/2
     0 | D:1      | 0 ||| qw: Version: 0.3-a-46-gb1f654a
     0 | D:1      | 0 ||| qw: Game counter: 3166
     0 | D:1      | 0 ||| qw: Melee chars always use a shield: true
     0 | D:1      | 0 ||| qw: God list: Okawaru
     0 | D:1      | 0 ||| qw: Allow faded altars: false
     0 | D:1      | 0 ||| qw: Do Orc after clearing Dungeon:15 true
     0 | D:1      | 0 ||| qw: Do second Lair branch before Depths: true
     0 | D:1      | 0 ||| qw: Lair rune preference: random
     0 | D:1      | 0 ||| qw: Goals: Normal
     0 | D:1      | 0 ||| PLANNING D:1-11
    56 | D:1      | 56 ||| DROPPING scroll of poison.
   135 | D:1      | Reached XP level 2. HP: 9/16 MP: 3/3
   224 | D:1      | Reached skill level 3 in Ranged Weapons
   533 | D:1      | Reached XP level 3. HP: 20/21 MP: 4/4
   566 | D:1      | Found a faded altar of an unknown god.
   849 | D:1      | 849 ||| READING scroll labelled ZUUGUA BOQO.
   850 | D:1      | 850 ||| READING scroll labelled JIRPHE DISM.
   851 | D:1      | 851 ||| READING 2 scrolls labelled NETOMATYDU.
   852 | D:1      | 852 ||| READING scroll labelled GOFOCRI CORRYD.
  1003 | D:2      | Reached XP level 4. HP: 15/26 MP: 5/5
  1184 | D:2      | Reached skill level 4 in Ranged Weapons
  1515 | D:2      | Identified the +6 dagger of the Wilderness {flame, Fly
                  | rPois Int+3 Dex-3}
  1713 | D:2      | 1713 ||| UPGRADING to +0 ring mail.
  1723 | D:2      | 1723 ||| DROPPING +0 robe.
  1724 | D:2      | 1724 ||| UPGRADING to +0 helmet.
  1729 | D:2      | 1729 ||| READING scroll labelled BOAMPI USACO.
  1730 | D:2      | 1730 ||| READING 2 scrolls of identify.
  1730 | D:2      | 1730 ||| IDENTIFYING murky puce potion
  1906 | D:3      | Reached skill level 1 in Armour
  2063 | D:3      | Found a broken altar of Ashenzari.
  2107 | D:3      | Noticed Robin
  2128 | D:3      | Killed Robin
  2129 | D:3      | Reached XP level 5. HP: 28/30 MP: 6/6
  2245 | D:3      | Noticed Terence
  2256 | D:3      | Killed Terence
  2257 | D:3      | Reached skill level 5 in Ranged Weapons
  2471 | D:3      | Found a runed translucent door.
  2471 | D:3      | Identified the +3 hammer of Duiruu {drain, rN+ SInv}
  2472 | D:3      | Noticed Crazy Yiuf
  2474 | D:3      | Identified the +5 hammer "Zyvil" {freeze, rF+ rN+ Str-5
                  | Int+3}
  3013 | D:3      | 3013 ||| UPGRADING to +0 cloak.
  3018 | D:3      | 3018 ||| DRINKING 2 fuming silvery potions.
  3019 | D:3      | 3019 ||| READING 6 scrolls of identify.
  3019 | D:3      | 3019 ||| IDENTIFYING glowing emerald potion
  3020 | D:3      | 3020 ||| READING 5 scrolls of identify.
  3020 | D:3      | 3020 ||| IDENTIFYING red potion
  3021 | D:3      | 3021 ||| READING 4 scrolls of identify.
  3021 | D:3      | 3021 ||| IDENTIFYING dark potion
  3022 | D:3      | 3022 ||| READING 3 scrolls of identify.
  3022 | D:3      | 3022 ||| IDENTIFYING viscous dark potion
  3023 | D:3      | 3023 ||| READING 2 scrolls of identify.
  3023 | D:3      | 3023 ||| IDENTIFYING viscous puce potion
  3024 | D:3      | 3024 ||| DROPPING potion of attraction.
  3025 | D:3      | 3025 ||| DROPPING potion of degeneration.
  3222 | D:4      | Reached skill level 3 in Fighting
  3260 | D:4      | Reached XP level 6. HP: 35/37 MP: 7/7
  3284 | D:4      | Identified the +7 whip "Adeusacu" {antimagic, Int+3}
  3560 | D:4      | 3560 ||| READING 4 scrolls labelled PELAOD KORHEE.
  3563 | D:4      | 3563 ||| READING scroll labelled DUANKE ZOEV.
  3569 | D:5      | Entered Level 5 of the Dungeon
  3701 | D:5      | HP: 4/37 [iguana (7)]
  3702 | D:5      | 3702 ||| READING 3 scrolls of teleportation.
  3703 | D:5      | 3703 ||| DRINKING potion of heal wounds.
  3704 | D:5      | Noticed a black bear
  3705 | D:5      | 3705 ||| FLEEEEING.
  3717 | D:5      | Killed a black bear
  3718 | D:5      | Reached skill level 6 in Ranged Weapons
  3720 | D:5      | HP: 7/37 [acid (8)]
  3721 | D:5      | 3721 ||| READING 2 scrolls of teleportation.
  3727 | D:5      | 3727 ||| READING scroll of teleportation.
  3727 | D:5      | HP: 5/37 [iguana (4)]
  3795 | D:5      | HP: 8/38 [iguana (6)]
  3797 | D:5      | Slain by an iguana

Levels and vault maps discovered:
D:1:      zelgadis_glass_arrival_large, layout_rooms,
          hellmonk_ecumenical_altar_zigzags, grunt_decor_clamped,
          serial_park_tiny_pond, chequers_serial_rivers_micro_d
D:2:      layout_basic, minmay_pentomino_w2
D:3:      layout_basic, evilmike_ruin_ashenzari, serial_bayou_pond_b,
          uniq_robin, uniq_crazy_yiuf_cottage, uniq_terence
D:4:      layout_rooms
D:5:      layout_rooms, goddamned_bats, uniq_ijyb

Skill      XL: |  1  2  3  4  5  6 |
---------------+-------------------+-----
Ranged Weapons | 3 4 5 6 |  6.0
Fighting       | 2 3 |  3.8
Armour         | 1 |  1.0
Dodging        | |  1.5
Spellcasting   | |  1.0
Hexes          | |  2.6

Action                     |  1- 3 |  4- 6 || total
---------------------------+-------+-------++-------
   Fire: Sling             |   140 |   313 ||   453
    Use: Scroll            |     4 |    12 ||    16
         Potion            |       |     2 ||     2
 Armour: Robe              |    14 |    13 ||    27
         Ring mail         |       |   110 ||   110
  Dodge: Dodged            |    56 |   137 ||   193

Table legend:
 A = Non-vault XP
 B = Vault XP
 C = Vault XP percentage of total XP
 D = Non-vault monster count
 E = Vault monster count
 F = Vault count percentage of total count
                 A         B        C        D         E       F
            +---------+---------+-------+---------+---------+-------
      Total |     485 |      93 |  16.1 |      85 |      19 |  18.3
            +---------+---------+-------+---------+---------+-------
        D:1 |      61 |       0 |   0.0 |      29 |       0 |   0.0
        D:2 |      57 |       2 |   3.4 |      23 |       1 |   4.2
        D:3 |      46 |      91 |  66.4 |      14 |      18 |  56.2
        D:4 |      80 |       0 |   0.0 |      15 |       0 |   0.0
        D:5 |     241 |       0 |   0.0 |       4 |       0 |   0.0
            +---------+---------+-------+---------+---------+-------
